AoeStats
← Killazh

Arabia

510822226Analyzed
2v2 RM · 16h ago on Oct 2, 2026· 106m 32s· 4 players
Game mode
Random Map
Map size
Medium (4 player)
Population
200
Speed
Normal
Resources
Standard
Victory
Conquest
Starting age
Dark Age
Ending age
Imperial Age
RankedLock teamsTeams togetherTeam positionsShared explorationLock speedFull tech treeHidden civsTurbo modeCheats
Victory
Defeat
🇩🇰 Spanish · Denmark
660
+19
🇩🇰 Mongols · Denmark
659
+19
🇹🇷 Mongols · Türkiye
752
-21
🇹🇷 Romans · Türkiye
680
-17
Killazh
13:56 Feudal Age
13:22 Loom
14:21 Horse Collar
14:28 Double-Bit Axe
19:00 Castle Age
17:27 Gold Mining
18:02 Scale Barding Armor
19:16 Forging
20:46 Chain Barding Armor
23:26 Light Cavalry
24:22 Husbandry
27:47 Iron Casting
31:08 Stone Mining
32:42 Bow Saw
35:10 Imperial Age
33:22 Wheelbarrow
35:11 Bloodlines
35:03 Scale Mail Armor
37:05 Hand Cart
39:08 Conscription
38:50 Nomads
40:00 Hussar
41:44 Blast Furnace
41:59 Capped Ram
43:31 Chain Mail Armor
45:12 Town Watch
45:17 Siege Ram
47:34 Drill
46:41 Pikeman
47:24 Squires
47:10 Arson
52:36 Caravan
56:40 Man-at-Arms
58:34 Gold Shaft Mining
58:38 Stone Shaft Mining
58:22 Town Patrol
57:49 Long Swordsman
59:03 Plate Mail Armor
59:43 Two-Handed Swordsman
74:54 Elite Steppe Lancer
82:30 Elite Mangudai
98:09 Siege Engineers
mics114
2:47 Loom
11:03 Feudal Age
12:21 Double-Bit Axe
12:15 Man-at-Arms
13:04 Arson
19:02 Wheelbarrow
22:40 Horse Collar
25:16 Forging
24:57 Fletching
25:21 Bloodlines
25:16 Stone Mining
25:19 Gold Mining
25:29 Town Watch
27:29 Scale Barding Armor
27:25 Scale Mail Armor
27:26 Padded Archer Armor
34:14 Castle Age
36:05 Stone Mining
36:59 Light Cavalry
37:45 Husbandry
38:21 Chain Barding Armor
39:44 Bow Saw
44:03 Pikeman
44:43 Squires
46:09 Hand Cart
50:13 Hand Cart
49:58 Town Patrol
50:52 Stone Shaft Mining
50:49 Caravan
57:28 Inquisition
58:04 Chain Mail Armor
58:04 Leather Archer Armor
57:45 Bodkin Arrow
58:25 Iron Casting
60:24 Imperial Age
58:53 Coinage
61:39 Cavalier
61:43 Halberdier
63:28 Sappers
64:35 Hoardings
64:39 Coinage
65:51 Paladin
69:29 Capped Ram
69:33 Onager
72:20 Siege Ram
75:26 Long Swordsman
75:51 Gambesons
76:22 Hussar
77:04 Elite Conquistador
78:06 Supremacy
78:06 Conscription
96:00 Plate Barding Armor
95:56 Ring Archer Armor
106:06 Spies/Treason
KOMUTAN HEMOSU
9:48 Loom
12:31 Feudal Age
13:16 Double-Bit Axe
13:25 Gold Mining
13:28 Stone Mining
19:46 Castle Age
21:08 Squires
21:11 Husbandry
21:59 Horse Collar
22:32 Bow Saw
23:01 Scale Barding Armor
22:57 Scale Mail Armor
24:40 Wheelbarrow
25:00 Town Watch
25:56 Town Patrol
26:14 Hand Cart
26:17 Caravan
30:31 Town Patrol
32:36 Heavy Plow
33:05 Chain Barding Armor
33:08 Man-at-Arms
35:16 Gold Shaft Mining
34:52 Long Swordsman
35:14 Pikeman
36:54 Chain Mail Armor
36:49 Forging
38:08 Murder Holes
38:24 Fortified Wall
38:34 Ballistics
38:25 Masonry
39:49 Ballistas
40:25 Iron Casting
41:31 Bloodlines
50:11 Imperial Age
48:17 Fishing Lines
49:30 Gillnets
53:06 Comitatenses
53:26 Conscription
52:43 Sappers
54:09 Plate Barding Armor
54:37 Architecture
57:03 Blast Furnace
58:19 Chemistry
57:03 Elite Centurion
58:06 Halberdier
59:43 Legionary
96:05 Heavy Scorpion
YOL YEMEZ
9:14 Feudal Age
18:59 Castle Age
19:43 Loom
24:12 Gold Mining
24:13 Double-Bit Axe
27:52 Wheelbarrow
27:39 Fletching
27:50 Padded Archer Armor
27:49 Stone Mining
34:53 Imperial Age
35:57 Conscription
36:49 Leather Archer Armor
36:29 Bodkin Arrow
36:31 Horse Collar
38:40 Chemistry
38:01 Ballistics
38:45 Bracer
39:19 Elite Mangudai
45:26 Forging
45:22 Scale Barding Armor
48:32 Squires
47:53 Pikeman
48:19 Arson
54:19 Scale Mail Armor
54:55 Iron Casting
70:30 Chain Mail Armor
74:23 Caravan
92:10 Man-at-Arms
Connection lost

Rejoining the realm…

Still unreachable

The connection could not be restored.

Session expired

The server has moved on; the page needs a fresh start.